 Dungeon Crawl Stone Soup version 0.30-a0-187-gd9c2deaf24 (webtiles) character file.

Game seed: 14860420416671732709

4340 trckry the Geomancer (level 10, -5/58 (63) HPs)
             Began as a Formicid Earth Elementalist on Oct 4, 2022.
             Was an Elder of Sif Muna.
             Slain by a wight
             ... wielding a +2 halberd
              (14 damage)
             ... on level 8 of the Dungeon.
             The game lasted 00:29:55 (8860 turns).

trckry the Geomancer (Formicid Earth Elementalist)  Turns: 8860, Time: 00:29:55

HP:   -5/58 (63)    AC:  9    Str: 14    XL:     10   Next: 59%
MP:   14/18         EV: 13    Int: 22    God:    Sif Muna [****..]
Gold: 631           SH:  0    Dex: 14    Spells: 13/20 levels left

rFire   + . .      SeeInvis +    (no weapon)
rCold   . . .      Faith    .    (no shield)
rNeg    . . .      Spirit   .    I - +2 robe {Will+}
rPois   .          Reflect  .    (helmet unavailable)
rElec   +          Harm     .    d - +0 cloak
rCorr   .          Rampage  .    (no gloves)
Will    ++...                    (no boots)
Stlth   +++.......               (no amulet)
HPRegen 0.29/turn                D - ring of Luosma {rElec rF+ Int+4 Stlth+}
MPRegen 0.16/turn                r - +4 ring of protection

@: drained
A: permanent stasis, dig shafts and tunnels, antennae 3, four strong arms
a: Dig, Shaft Self, Renounce Religion, Channel Magic, Forget Spell, Divine
Exegesis


You were on level 8 of the Dungeon.
You worshipped Sif Muna.
Sif Muna was greatly pleased with you.
You visited 2 branches of the dungeon, and saw 9 of its levels.
You also visited: Sewer.

You collected 631 gold pieces.

Inventory:

Hand Weapons
 J - a +3 flail of freezing
Missiles
 v - 23 poisoned darts (quivered)
Armour
 d - a +0 cloak (worn)
 g - a +0 tower shield
 I - a +2 robe of willpower (worn)
Jewellery
 a - a +6 ring of intelligence
 q - a ring of resist corrosion
 r - a +4 ring of protection (right hand)
 D - the ring of Luosma (left hand) {rElec rF+ Int+4 Stlth+}
   (You found it on level 4 of the Dungeon)

   [ring of protection from fire]

   Int:       It affects your intelligence (+4).
   rF:        It protects you from fire.
   rElec:     It insulates you from electricity.
   Stlth:     It makes you more stealthy.
 E - a ring of ice
 G - a ring of fire
Wands
 n - a wand of mindburst (12)
 H - a wand of flame (20)
Scrolls
 f - 4 scrolls of teleportation {unknown}
 h - a scroll of noise {unknown}
 i - 4 scrolls of amnesia {unknown}
 j - 6 scrolls of identify
 l - a scroll of acquirement {unknown}
 m - 4 scrolls of blinking {unknown}
 o - a scroll of summoning {unknown}
 t - 2 scrolls of poison {unknown}
 u - a scroll of immolation {unknown}
 x - 3 scrolls of butterflies {unknown}
 A - 3 scrolls of vulnerability {unknown}
 B - a scroll of magic mapping {unknown}
Potions
 b - a potion of magic
 e - 6 potions of heal wounds
 k - 3 potions of curing
 p - a potion of might
 s - 2 potions of invisibility
 z - 3 potions of mutation
 C - a potion of resistance
 F - 2 potions of flight


   Skills:
 - Level 3.0 Dodging
 - Level 3.0 Stealth
 + Level 5.6 Spellcasting
 * Level 6.3 Conjurations
 - Level 1.1 Transmutations
 + Level 5.5 Ice Magic
 * Level 9.8 Earth Magic
 + Level 5.5 Invocations
 + Level 4.5 Evocations


You had 13 spell levels left.
You knew the following spells:

 Your Spells              Type           Power      Damage    Failure   Level
a - Sandblast             Erth           98%        2d20      1%          1
b - Stone Arrow           Conj/Erth      82%        3d12      1%          3
c - Ozocubu's Armour      Ice            30%        N/A       3%          3

Your spell library contained the following spells:

 Spells                   Type           Power      Damage    Failure   Level
 Passwall                 Tmut/Erth      25%        N/A       1%          2
 Sting                    Tmut/Pois      32%        1d4       8%          1
 Apportation              Tloc           12%        N/A       10%         1
 Petrify                  Tmut/Erth      30%        N/A       10%         4
 Cigotuvi's Dreadful Rot  Necr/Pois/Air  12%        N/A       14%         2
 Poisonous Vapours        Pois/Air       12%        N/A       14%         2
 Metabolic Englaciation   Hex/Ice        9%         N/A       65%         5
 Olgreb's Toxic Radiance  Pois           6%         N/A       67%         4
 Alistair's Intoxication  Tmut/Pois      5%         N/A       91%         5
 Simulacrum               Ice/Necr       9%         N/A       99%         6


Dungeon Overview and Level Annotations

Branches:
Dungeon (8/15) Zot: 26956  Temple (1/1) D:4 Zot: 5924   Sewer (visited)
   Lair: D:8-11

Altars:
Ashenzari
Cheibriados
Dithmenos
Elyvilon
Fedhas
Gozag
Hepliaklqana
Makhleb
Nemelex Xobeh
Okawaru
Qazlal
Ru
Sif Muna
Trog
Uskayaw
Vehumet
Wu Jian
Yredelemnul
Zin
The Shining One

Shops:
D:6 *

Annotations:
D:8 Joseph


Innate Abilities, Weirdness & Mutations

You cannot be hasted, slowed, berserked, paralysed or teleported.
You can dig through walls and to a lower floor.
You have a pair of large antennae on your head. (SInv)
Your four strong arms can wield two-handed weapons with a shield.


Message History

Aiming: Sandblast (safe; 1% risk of failure)
Press: ? - help, Shift-Dir - straight line, f - wight
Aim: a wight, wielding a +1 flail and wearing a +0 robe (85% to hit)
The blast of sand hits the wight but does no damage.
The wight hits you from afar with a +2 halberd.
You feel drained. The wight misses you. The wight closely misses you.
The wight barely misses you. The wight hits you but does no damage.
You take 7 damage, and have 55/61 hp.
You now have 15/18 mp.
Casting: Sandblast (safe; 1% risk of failure)
Confirm with . or Enter, or press ? or * to list all spells.
Aiming: Sandblast (safe; 1% risk of failure)
Press: ? - help, Shift-Dir - straight line, f/p - wight
Aim: a wight, wielding a +1 flail and wearing a +0 robe (85% to hit)
The blast of sand hits the wight!!
You destroy the wight!
Sif Muna accepts your kill.
The wight hits you from afar with a +2 halberd.
You feel drained.
The wight hits you from afar with a +5 halberd!
You take 14 damage, and have 41/60 hp.
MASSIVE DAMAGE!!
Casting: Sandblast (safe; 1% risk of failure)
Confirm with . or Enter, or press ? or * to list all spells.
Aiming: Sandblast (safe; 1% risk of failure)
Press: ? - help, Shift-Dir - straight line, f - wight
Aim: a wight, wielding a +2 halberd and wearing a +0 robe (85% to hit)
The blast of sand hits the wight.
The wight is lightly damaged.
The wight hits you from afar with a +2 halberd!
The wight hits you from afar with a +5 halberd.
The wight barely misses you. The wight closely misses you.
You take 17 damage, and have 24/60 hp.
MASSIVE DAMAGE!!
You now have 14/18 mp.
Casting: Sandblast (safe; 1% risk of failure)
Confirm with . or Enter, or press ? or * to list all spells.
Okay, then.
The wight hits you from afar with a +5 halberd!
* * * LOW HITPOINT WARNING * * *
You feel drained.
* * * LOW HITPOINT WARNING * * *
The wight hits you from afar with a +2 halberd!
You die...

### #. .# ..
#. ..# . #.
... #. #.##.
#####.###.....
..........#
#####z.....#
.....
.....)z@.#
....#
#..F.....#
..$.#
.....z^..#
.>#.#
.#.......#
.....
##...####
###.# ..... ..
##...# ...#


You could see a bullfrog and 3 wights.

Vanquished Creatures
  The ghost of Bediveer the Cleaver, a novice HOFi of Nemelex Xobeh (D:6)
  The ghost of Rangus the Digger, a novice DgEE (D:5)
  Grinder (D:6)
  Sigmund (D:6)
  A steam dragon (D:6)
  2 ice beasts (D:6)
  2 orc warriors (D:7)
  A black bear (D:5)
  4 ogres
  A centaur (D:5)
  A phantom (D:6)
  A kobold brigand (Sewer)
  2 bullfrogs
  5 scorpions
  7 wights
  3 killer bees (D:7)
  5 hounds
  4 orc priests
  3 jellies
  4 iguanas
  9 orc wizards
  A bullfrog simulacrum (D:5)
  A centaur simulacrum (D:5)
  A scorpion simulacrum (D:5)
  9 adders
  7 river rats
  A hound simulacrum (D:5)
  2 white imps
  A howler monkey simulacrum (D:5)
  An ufetubus (D:6)
  3 worms
  8 dart slugs (D:5)
  15 orcs
  17 ball pythons
  14 endoplasms
  5 giant cockroaches
  8 goblins
  11 hobgoblins
  6 jackals (D:4)
  4 quokkas
  8 bats
  5 frilled lizards
  21 kobolds
  28 rats
236 creatures vanquished.

Notes
Turn   | Place    | Note
-------+----------+-------------------------------------------
     0 | D:1      | trckry the Formicid Earth Elementalist began the quest for
                  | the Orb.
     0 | D:1      | Reached XP level 1. HP: 13/13 MP: 3/3
   125 | D:1      | Reached skill level 4 in Earth Magic
   125 | D:1      | Reached XP level 2. HP: 15/19 MP: 0/5
   709 | D:1      | Reached XP level 3. HP: 24/24 MP: 0/6
  1445 | D:1      | Learned a level 3 spell: Stone Arrow
  1775 | D:2      | Found a faded altar of an unknown god.
  1797 | D:2      | You fall into a shaft and drop 1 floor!
  1827 | D:3      | Reached XP level 4. HP: 30/30 MP: 5/8
  1867 | D:3      | Reached skill level 5 in Earth Magic
  2138 | D:3      | Reached skill level 1 in Conjurations
  2212 | D:2      | Prayed at the altar of an unknown god.
  2212 | D:2      | Became a worshipper of Sif Muna the Loreminder
  2212 | D:2      | Reached * piety under Sif Muna
  2476 | D:3      | Reached XP level 5. HP: 35/35 MP: 7/9
  2543 | D:3      | Learned a level 3 spell: Ozocubu's Armour
  2585 | D:3      | Noticed an ogre
  2593 | D:3      | Killed an ogre
  2594 | D:3      | Reached skill level 1 in Ice Magic
  2750 | D:3      | Reached skill level 1 in Invocations
  2805 | D:3      | Reached XP level 6. HP: 41/41 MP: 7/10
  3186 | D:4      | Found a stormy altar of Qazlal.
  3268 | D:4      | Found a glowing drain.
  3275 | Sewer    | Entered a sewer
  3341 | Sewer    | Reached ** piety under Sif Muna
  3669 | Sewer    | Reached skill level 6 in Earth Magic
  4032 | Sewer    | Reached *** piety under Sif Muna
  4044 | Sewer    | Reached XP level 7. HP: 31/46 MP: 0/12
  4327 | D:4      | Found a staircase to the Ecumenical Temple.
  4344 | Temple   | Entered the Ecumenical Temple
  4551 | D:4      | Identified the ring of Luosma {rElec rF+ Int+4 Stlth+}
  4577 | D:4      | Found a bloodstained altar of Trog.
  4578 | D:4      | Found a burning altar of Makhleb.
  4584 | D:4      | Found an ornate altar of the Wu Jian Council.
  4585 | D:4      | Found a snail-covered altar of Cheibriados.
  4587 | D:4      | Found a sparkling altar of Nemelex Xobeh.
  4587 | D:4      | Found an iron altar of Okawaru.
  4588 | D:4      | Found a hazy altar of Hepliaklqana.
  4605 | D:4      | Found a blossoming altar of Fedhas.
  4608 | D:4      | Found an opulent altar of Gozag.
  4719 | D:4      | Found a hide-covered altar of Uskayaw.
  4832 | D:5      | Entered Level 5 of the Dungeon
  4875 | D:5      | Noticed Rangus's ghost (novice DgEE)
  4897 | D:5      | Found a runed translucent gate.
  4897 | D:5      | Found a runed translucent gate.
  4897 | D:5      | Found a runed translucent gate.
  5058 | D:5      | Reached skill level 1 in Evocations
  5112 | D:5      | Reached XP level 8. HP: 52/52 MP: 11/13
  5464 | D:5      | Reached skill level 7 in Earth Magic
  6097 | D:5      | Killed Rangus's ghost
  6098 | D:5      | Reached XP level 9. HP: 47/57 MP: 1/15
  6304 | D:6      | Noticed Grinder
  6308 | D:6      | Killed Grinder
  6348 | D:6      | Reached **** piety under Sif Muna
  6438 | D:6      | Reached skill level 8 in Earth Magic
  6697 | D:6      | Noticed Sigmund
  6838 | D:6      | Killed Sigmund
  6839 | D:6      | Reached skill level 5 in Conjurations
  7037 | D:6      | Found a glowing golden altar of the Shining One.
  7041 | D:6      | Noticed an angel
  7059 | D:6      | Found a basalt altar of Yredelemnul.
  7061 | D:6      | Noticed a profane servitor
  7112 | D:6      | Found Vuok Lyq's Assorted Antiques.
  7223 | D:6      | Reached skill level 5 in Spellcasting
  7252 | D:6      | Found a white marble altar of Elyvilon.
  7653 | D:6      | Found a runed translucent door.
  7654 | D:6      | Noticed Bediveer's ghost (novice HOFi)
  7720 | D:6      | Killed Bediveer's ghost
  7721 | D:6      | Reached skill level 5 in Ice Magic
  7721 | D:6      | Reached skill level 9 in Earth Magic
  7721 | D:6      | Reached skill level 5 in Invocations
  7721 | D:6      | Reached XP level 10. HP: 57/63 MP: 2/17
  8820 | D:8      | Noticed Joseph
  8860 | D:8      | Slain by a wight

Illustrated notes

Levels and vault maps discovered:
D:1:      matt_arrival_grand_opening, layout_basic, minmay_tiny_reverse_x
D:2:      layout_basic, hellmonk_ecumenical_altar_slurped_away
D:3:      layout_loops_ring, dk_noncrumbling_3, roderic_roman_lattice
D:4:      layout_cave_pools, lemuel_round_altar, grunt_qazlal_clouds,
          nicolae_overflow_hallway_of_the_gods, minmay_temple_entry_mist,
          portal_sewer_entry_b
D:5:      kennysheep_slugbush, layout_basic, gammafunk_ghost_icy
D:6:      layout_basic, grunt_temple_overflow_holy_war, old_standard_altar,
          serial_shops, shop, ebering_ghost_reflecting_pool, hex_large,
          corexii_checkpoint_a, uniq_grinder, uniq_sigmund
D:7:      layout_basic
D:8:      layout_rooms, lemuel_mausoleum_altar_kikubaaqudgha,
          amcnicky_mini_pool_medium, uniq_joseph
Temple:   hellmonk_temple_two_chambers

Skill      XL: |  1  2  3  4  5  6  7  8  9 10 |
---------------+-------------------------------+-----
Earth Magic    | 4 5 6 7 9 |  9.8
Conjurations   | 1 2 3 4 5 6 |  6.3
Spellcasting   | 3 4 5 |  5.6
Ice Magic      | 1 2 4 5 |  5.5
Invocations    | 1 2 3 5 |  5.5
Dodging        | 2 3 |  3.0
Evocations     | 1 2 4 |  4.5
Stealth        | 3 |  3.0
Transmutations | |  1.1

Action                   |  1- 3 |  4- 6 |  7- 9 | 10-12 || total
-------------------------+-------+-------+-------+-------++-------
 Cast: Sandblast         |    60 |   139 |   115 |    35 ||   349
       Stone Arrow       |       |     3 |    31 |    15 ||    49
       Ozocubu's Armour  |       |       |     4 |       ||     4
Evoke: Wand              |       |       |     2 |       ||     2
  Use: Scroll            |       |     7 |     3 |       ||    10
       Potion            |       |       |     1 |       ||     1
Armor: Robe              |     1 |    19 |    37 |     4 ||    61
Dodge: Dodged            |     9 |    39 |    52 |    24 ||   124

Table legend: (Time is in decaauts)
 A = Elapsed time spent in this place.
 B = Non-inter-level travel time spent in this place.
 C = Inter-level travel time spent in this place.
 D = Time resting spent in this place.
 E = Time spent auto-exploring this place.
 F = Levels seen in this place.
 G = Mean time per level.
                   A        B        C        D        E       F      G
               +--------+--------+--------+--------+--------+-----+--------+
         Total |   9050 |   8744 |    306 |    116 |   6755 |  10 |  905.0 |
       Dungeon |   7881 |   7579 |    302 |    116 |   5886 |   8 |  985.1 |
        Temple |     75 |     71 |      4 |      0 |     69 |   1 |   75.0 |
         Sewer |   1093 |   1093 |      0 |      0 |    800 |   1 | 1093.0 |
               +--------+--------+--------+--------+--------+-----+--------+

Top non-repeatable levels by time:
     D:6: 1577 daAuts
     D:5: 1529 daAuts
     D:1: 1514 daAuts
     D:3: 1096 daAuts
   Sewer: 1093 daAuts
     D:7: 950 daAuts
     D:2: 628 daAuts
     D:4: 575 daAuts
  Temple: 75 daAuts
     D:8: 10 daAuts
